 Dungeon Crawl Stone Soup version 0.31-a0-152-g6aa68a64a1 (webtiles) character file.

Game seed: 9518936979034710589

5019 qw the Skirmisher (level 10, 0/91 HPs)
             Began as a Minotaur Hunter on June 9, 2023.
             Succumbed to a killer bee's poison
             ... on level 8 of the Dungeon.
             The game lasted 00:02:30 (6525 turns).

qw the Skirmisher (Minotaur Hunter)                 Turns: 6525, Time: 00:02:30

Health: 0/91       AC: 12    Str: 17    XL:     10   Next: 30%
Magic:  9/9        EV: 17    Int:  6    God:
Gold:   576        SH:  0    Dex: 23    Spells: 9/9 levels left

rFire   . . .        Y - +0 orcbow
rCold   . . .        (shield currently unavailable)
rNeg    . . .        b - +3 leather armour {rPois}
rPois   +            (helmet restricted)
rElec   .            (no cloak)
rCorr   .            n - +0 pair of gloves
SInv    .            f - +0 pair of boots
Will    .....        (no amulet)
Stlth   ++           s - +6 ring of dexterity
HPRegen 0.35/turn    j - +4 ring of protection
MPRegen 0.11/turn

%: no passive effects
@: lethally poisoned (0 -> -4), about to teleport
A: horns 2, retaliatory headbutt, poison resistance, MP-powered wands
a: no special abilities


You were on level 8 of the Dungeon.
You visited 2 branches of the dungeon, and saw 9 of its levels.

You collected 576 gold pieces.


Innate Abilities, Weirdness & Mutations

You have a pair of horns on your head.
You reflexively headbutt those who attack you in melee.
Your system is resistant to poisons. (rPois)
You expend magic power (3 MP) to strengthen your wands.


   Skills:
 - Level 9.0 Fighting
 + Level 13.1 Ranged Weapons
 - Level 4.1 Armour
 - Level 7.0 Dodging
 - Level 0.7 Stealth


You had 9 spell levels left.
You didn't know any spells.
Your spell library was empty.

Inventory:

Hand Weapons
 Y - a +0 orcbow (weapon)
Armour
 b - a +3 leather armour of poison resistance (worn)
 f - a +0 pair of boots (worn)
 n - a +0 pair of gloves (worn)
Jewellery
 j - a +4 ring of protection (right hand)
 s - a +6 ring of dexterity (left hand)
Scrolls
 p - 3 scrolls of identify
Potions
 a - 2 potions of mutation
 c - a potion of might {unknown}
 d - a potion of attraction {unknown}
 e - a potion of magic {unknown}
 h - a potion of cancellation {unknown}
 k - 2 potions of curing
 l - a potion of ambrosia {unknown}
 o - a potion of degeneration {unknown}
 q - a potion of heal wounds {unknown}

Dungeon Overview and Level Annotations

Branches:
Dungeon (8/15)             Temple (1/1) D:4
   Lair: D:8-11

Altars:
Ashenzari
Cheibriados
Dithmenos
Gozag
Kikubaaqudgha
Nemelex Xobeh
Qazlal
Sif Muna
Trog
Uskayaw
Vehumet
Wu Jian
Yredelemnul
Zin

Annotations:
D:7 2 runed translucent doors, Crazy Yiuf; qw's ghost, novice GrFi


Message History

You shoot an arrow. The arrow hits the yak!
The yak is heavily wounded.
The yak gores you but does no damage. x2
You shoot an arrow. The arrow hits the yak!!
You kill the yak!
The killer bee completely misses you.
A wight comes into view. It is wielding a +0 trident.
The yak completely misses you. You furiously retaliate!
You headbutt the yak! The killer bee barely misses you.
You shoot an arrow. The arrow misses the killer bee.
Your surroundings suddenly seem different. 4 killer bees come into view.
6521 ||| READING scroll of teleportation.
As you read the scroll of teleportation, it crumbles to dust.
You feel strangely unstable.
The killer bee buzzes angrily. x2
The killer bee barely misses you. You furiously retaliate!
You headbutt the killer bee. The killer bee stings you.
A killer bee comes into view.
You shoot an arrow. The killer bee buzzes angrily.
The arrow hits the killer bee but does no damage.
The killer bee is moderately wounded.
A killer bee comes into view.
The killer bee stings you.
You are lethally poisoned!
The killer bee poisons you! The killer bee stings you.
You shoot an arrow. The arrow misses the killer bee.
The arrow completely misses the killer bee.
You feel sick. The killer bee completely misses you. The killer bee misses you.
You furiously retaliate!
You headbutt the killer bee!
The killer bee stings you but does no damage. x2
You shoot an arrow.
The arrow closely misses the killer bee.
You feel sick. The killer bee closely misses you. You furiously retaliate!
You headbutt the killer bee! The killer bee closely misses you.
The killer bee misses you.
The killer bee stings you but does no damage.
You shoot an arrow. The arrow barely misses the killer bee.
You die...

......#
.. #.
#.####
#....#
#..y.+
#.y..#
#..yy#
#.y@y#
####+#


You could see 6 killer bees.

Vanquished Creatures
  A two-headed ogre (D:7)
  Joseph (D:7)
  A troll (D:7)
  6 yaks
  Menkaure (D:5)
  A steam dragon (D:6)
  A water moccasin (D:5)
  Duvessa (D:4)
  A black bear (D:5)
  A sky beast (D:6)
  An orc warrior (D:7)
  4 ice beasts (D:7)
  2 ogres
  A phantom (D:6)
  A centaur (D:6)
  4 bullfrogs
  2 kobold brigands
  2 scorpions
  Dowan (D:4)
  8 killer bees
  2 howler monkeys
  A crimson imp (D:5)
  4 hounds
  4 orc priests
  3 iguanas
  4 orc wizards
  9 adders
  2 shadow imps
  2 white imps
  2 ufetubi (D:5)
  2 worms
  2 dart slugs (D:2)
  18 orcs
  2 ball pythons
  4 endoplasms
  4 giant cockroaches
  13 goblins
  5 hobgoblins
  3 jackals (D:4)
  3 quokkas
  7 bats
  3 frilled lizards
  14 kobolds
  5 rats
159 creatures vanquished.

Vanquished Creatures (others)
  A shadow imp (D:6)
1 creature vanquished.

Grand Total: 160 creatures vanquished

Notes
Turn   | Place    | Note
-------+----------+-------------------------------------------
     0 | D:1      | qw the Minotaur Hunter began the quest for the Orb.
     0 | D:1      | Reached XP level 1. HP: 18/18 MP: 0/0
     0 | D:1      | 0 ||| qw: Version: 0.2-a-122-gbc61b45
     0 | D:1      | 0 ||| qw: Game counter: 3327
     0 | D:1      | 0 ||| qw: Always use a shield: true
     0 | D:1      | 0 ||| qw: God list: Okawaru
     0 | D:1      | 0 ||| qw: Allow faded altars: false
     0 | D:1      | 0 ||| qw: Do Orc after D:15 true
     0 | D:1      | 0 ||| qw: Do second Lair branch before Depths: true
     0 | D:1      | 0 ||| qw: Lair rune preference: random
     0 | D:1      | 0 ||| qw: Plans: Normal
     0 | D:1      | 0 ||| PLANNING D:1-11
   178 | D:1      | Reached XP level 2. HP: 25/25 MP: 1/1
   180 | D:1      | Reached skill level 5 in Ranged Weapons
   187 | D:1      | Found a faded altar of an unknown god.
   390 | D:1      | Reached skill level 3 in Fighting
   532 | D:1      | 532 ||| UPGRADING to +0 pair of boots.
   537 | D:1      | 537 ||| UPGRADING to +4 ring of slaying {mikee}.
   538 | D:1      | 538 ||| READING scroll labelled PUDOWY DINIA.
   539 | D:1      | 539 ||| DROPPING scroll of butterflies.
   671 | D:2      | Reached XP level 3. HP: 31/31 MP: 2/2
   697 | D:2      | 697 ||| FLEEEEING.
   698 | D:2      | 698 ||| FLEEEEING.
  1080 | D:2      | Reached XP level 4. HP: 33/38 MP: 3/3
  1141 | D:2      | 1141 ||| UPGRADING to +0 pair of gloves.
  1146 | D:2      | 1146 ||| UPGRADING to +4 ring of protection.
  1147 | D:2      | 1147 ||| READING scroll labelled LENOUCS LIDDU.
  1151 | D:2      | 1151 ||| READING scroll labelled RETADIUZIE.
  1152 | D:2      | 1152 ||| READING scroll labelled QOPHEK DOEKE.
  1153 | D:2      | 1153 ||| READING scroll labelled IMMAUT VOW.
  1220 | D:2      | 1220 ||| READING scroll labelled RAELOI FAONLA.
  1221 | D:2      | 1221 ||| DRINKING 2 blue potions.
  1221 | D:2      | Gained mutation: You expend magic power (3 MP) to
                  | strengthen your wands. [potion of mutation]
  1221 | D:2      | Gained mutation: Your system is resistant to poisons.
                  | (rPois) [potion of mutation]
  1222 | D:2      | 1222 ||| DRINKING 3 lumpy ruby potions.
  1347 | D:3      | Reached skill level 1 in Armour
  1382 | D:3      | Reached skill level 6 in Ranged Weapons
  1678 | D:3      | Found a glowing silver altar of Zin.
  1835 | D:3      | You fall into a shaft and drop 1 floor!
  1835 | D:4      | Found a staircase to the Ecumenical Temple.
  1836 | D:4      | 1836 ||| PLANNING TEMPLE
  1836 | D:4      | 1836 ||| READING 2 scrolls labelled OBOOZ ELIA.
  1837 | D:4      | 1837 ||| DROPPING scroll of vulnerability.
  1844 | Temple   | Entered the Ecumenical Temple
  1987 | Temple   | 1987 ||| PLANNING D:1-11
  2203 | D:3      | 2203 ||| UPGRADING to +0 ring mail.
  2213 | D:3      | 2213 ||| DROPPING +0 leather armour.
  2474 | D:4      | Noticed an ogre
  2484 | D:4      | Killed an ogre
  2485 | D:4      | Reached XP level 5. HP: 24/48 MP: 4/4
  2488 | D:4      | 2488 ||| FLEEEEING.
  2489 | D:4      | 2489 ||| FLEEEEING.
  2491 | D:4      | 2491 ||| FLEEEEING.
  2492 | D:4      | 2492 ||| FLEEEEING.
  2493 | D:4      | 2493 ||| FLEEEEING.
  2494 | D:4      | 2494 ||| FLEEEEING.
  2495 | D:4      | 2495 ||| FLEEEEING.
  2496 | D:4      | 2496 ||| FLEEEEING.
  2497 | D:4      | 2497 ||| FLEEEEING.
  2498 | D:4      | 2498 ||| FLEEEEING.
  2499 | D:4      | 2499 ||| FLEEEEING.
  2500 | D:4      | 2500 ||| FLEEEEING.
  2501 | D:4      | 2501 ||| FLEEEEING.
  2502 | D:4      | 2502 ||| FLEEEEING.
  2503 | D:4      | 2503 ||| FLEEEEING.
  2504 | D:4      | 2504 ||| FLEEEEING.
  2505 | D:4      | 2505 ||| FLEEEEING.
  2506 | D:4      | 2506 ||| FLEEEEING.
  2507 | D:4      | 2507 ||| FLEEEEING.
  2508 | D:4      | 2508 ||| FLEEEEING.
  2510 | D:4      | 2510 ||| FLEEEEING.
  2511 | D:4      | 2511 ||| FLEEEEING.
  2512 | D:4      | 2512 ||| FLEEEEING.
  2513 | D:4      | 2513 ||| FLEEEEING.
  2514 | D:4      | 2514 ||| FLEEEEING.
  2515 | D:4      | 2515 ||| STAIRDANCE
  2776 | D:4      | Found a shadowy altar of Dithmenos.
  2941 | D:4      | 2941 ||| DROPPING ring of willpower.
  2942 | D:4      | 2942 ||| READING scroll labelled TAIDIDAQIC.
  2945 | D:5      | Entered Level 5 of the Dungeon
  2946 | D:5      | Noticed Dowan
  2948 | D:5      | Noticed Duvessa
  2949 | D:5      | 2949 ||| FLEEEEING.
  2950 | D:5      | 2950 ||| STAIRDANCE
  2990 | D:5      | 2990 ||| STAIRDANCE
  3014 | D:5      | 3014 ||| STAIRDANCE
  3035 | D:5      | 3035 ||| STAIRDANCE
  3039 | D:4      | Killed Duvessa
  3040 | D:4      | Reached skill level 7 in Ranged Weapons
  3040 | D:4      | Reached XP level 6. HP: 35/56 MP: 5/5
  3040 | D:4      | Killed Dowan
  3272 | D:5      | Reached XP level 7. HP: 61/61 MP: 6/6
  3279 | D:5      | Reached skill level 8 in Ranged Weapons
  3325 | D:5      | Reached skill level 9 in Ranged Weapons
  3465 | D:5      | 3465 ||| READING scroll of enchant weapon.
  3465 | D:5      | 3465 ||| ENCHANTING +1 shortbow.
  3694 | D:5      | Reached skill level 3 in Dodging
  3713 | D:5      | Reached XP level 8. HP: 70/70 MP: 7/7
  3713 | D:5      | Noticed Menkaure
  3719 | D:5      | Killed Menkaure
  3720 | D:5      | Reached skill level 6 in Fighting
  3831 | D:5      | Found a broken altar of Ashenzari.
  3948 | D:5      | 3948 ||| FLEEEEING.
  3949 | D:5      | 3949 ||| FLEEEEING.
  3950 | D:5      | 3950 ||| FLEEEEING.
  4020 | D:5      | 4020 ||| READING scroll labelled HEEMPO DUMUO.
  4248 | D:6      | Found a snail-covered altar of Cheibriados.
  4397 | D:6      | Reached skill level 10 in Ranged Weapons
  4502 | D:6      | Reached skill level 3 in Armour
  4516 | D:6      | HP: 11/73 [steam dragon] (8)]
  4517 | D:6      | 4517 ||| READING 3 scrolls of teleportation.
  4775 | D:6      | Reached skill level 11 in Ranged Weapons
  4854 | D:6      | 4854 ||| SWAPPING to +0 orcbow.
  4855 | D:6      | 4855 ||| DROPPING +2 shortbow.
  5059 | D:6      | 5059 ||| UPGRADING to +6 ring of dexterity.
  5061 | D:6      | 5061 ||| DROPPING +4 ring of slaying {mikee}.
  5062 | D:6      | 5062 ||| DRINKING 2 orange potions.
  5063 | D:6      | 5063 ||| READING 2 scrolls of identify.
  5063 | D:6      | 5063 ||| IDENTIFYING golden potion
  5064 | D:6      | 5064 ||| DROPPING potion of enlightenment.
  5065 | D:6      | 5065 ||| DROPPING potion of invisibility.
  5105 | D:7      | Reached XP level 9. HP: 79/79 MP: 8/8
  5163 | D:7      | 5163 ||| FLEEEEING.
  5165 | D:7      | 5165 ||| FLEEEEING.
  5166 | D:7      | 5166 ||| FLEEEEING.
  5167 | D:7      | 5167 ||| FLEEEEING.
  5168 | D:7      | 5168 ||| FLEEEEING.
  5169 | D:7      | 5169 ||| FLEEEEING.
  5170 | D:7      | 5170 ||| FLEEEEING.
  5171 | D:7      | 5171 ||| FLEEEEING.
  5172 | D:7      | 5172 ||| FLEEEEING.
  5173 | D:7      | 5173 ||| STAIRDANCE
  5308 | D:6      | 5308 ||| READING scroll labelled WIBAIB TYOC.
  5361 | D:7      | Noticed a two-headed ogre
  5372 | D:7      | Killed a two-headed ogre
  5373 | D:7      | Reached skill level 12 in Ranged Weapons
  5497 | D:7      | Noticed Joseph
  5522 | D:7      | Killed Joseph
  5557 | D:7      | HP: 20/82 [poisoned by a killer bee]
  5751 | D:7      | Reached skill level 6 in Dodging
  5780 | D:7      | Noticed a troll
  5784 | D:7      | Killed a troll
  5917 | D:7      | Reached XP level 10. HP: 90/90 MP: 9/9
  5999 | D:7      | Found a runed translucent door.
  6004 | D:7      | Noticed qw's ghost (novice GrFi)
  6054 | D:7      | Found a runed translucent door.
  6055 | D:7      | Noticed Crazy Yiuf
  6262 | D:7      | 6262 ||| UPGRADING to +3 leather armour of poison
                  | resistance.
  6272 | D:7      | 6272 ||| DROPPING +0 ring mail.
  6273 | D:7      | 6273 ||| READING scroll labelled IPUOMU IN RIA.
  6274 | D:7      | 6274 ||| DRINKING 2 murky purple potions.
  6275 | D:7      | 6275 ||| DROPPING potion of brilliance.
  6298 | D:8      | 6298 ||| STAIRDANCE
  6312 | D:7      | Reached skill level 13 in Ranged Weapons
  6507 | D:8      | 6507 ||| Stepping ~*~*~tactically~*~*~ (outnumbered).
  6515 | D:8      | Reached skill level 9 in Fighting
  6516 | D:8      | HP: 20/91 [yak (13)]
  6517 | D:8      | 6517 ||| READING 2 scrolls of teleportation.
  6521 | D:8      | 6521 ||| READING scroll of teleportation.
  6521 | D:8      | HP: 11/91 [killer bee (3)]
  6522 | D:8      | HP: 4/91 [killer bee (3)]
  6524 | D:8      | HP: 1/91 [poisoned by a killer bee]
  6525 | D:8      | Succumbed to a killer bee's poison

Levels and vault maps discovered:
D:1:      erik_arrival_blinker_ship, layout_loops_ring, basic_ecumenical_altar
D:2:      layout_basic
D:3:      layout_loops_ring, zin_treasury
D:4:      layout_basic, grunt_dithmenos_smoke, minmay_temple_entry_offerings
D:5:      layout_loops_ring, lemuel_coloured_pillars_altar,
          minmay_fire_ice_demons, uniq_duvessa, uniq_menkaure
D:6:      layout_loops_ring, kennysheep_mini, chequers_jeans,
          minmay_manual_monstrance
D:7:      layout_cave_pools, ebering_ghost_reflecting_pool, enter_bailey_3,
          uniq_crazy_yiuf_cottage, uniq_joseph
D:8:      layout_gridville, makhleb_grotto_becter, erik_lair_orcish_takeover,
          serial_shops, nicolae_square_shop, nrook_mini_vaults
Temple:   hellmonk_temple_flake

Skill      XL: |  1  2  3  4  5  6  7  8  9 10 |
---------------+-------------------------------+-----
Ranged Weapons | 5 6 7 9 11 12 13 | 13.1
Fighting       | 3 5 7 8 9 |  9.0
Armour         | 1 2 3 4 |  4.1
Dodging        | 3 6 7 |  7.0
Stealth        | |  0.7

Action                     |  1- 3 |  4- 6 |  7- 9 | 10-12 || total
---------------------------+-------+-------+-------+-------++-------
   Fire: Shortbow          |    86 |    98 |   131 |       ||   315
         Orcbow            |       |       |   157 |    54 ||   211
    Use: Scroll            |     1 |     7 |     5 |     3 ||    16
         Potion            |       |     2 |     1 |     1 ||     4
 Armour: Leather armour    |     6 |     2 |       |    26 ||    34
         Ring mail         |       |     9 |    56 |       ||    65
  Dodge: Dodged            |    11 |    19 |    75 |    88 ||   193

Table legend:
 A = Non-vault XP
 B = Vault XP
 C = Vault XP percentage of total XP
 D = Non-vault monster count
 E = Vault monster count
 F = Vault count percentage of total count
                 A         B        C        D         E       F
            +---------+---------+-------+---------+---------+-------
      Total |    5535 |    1635 |  22.8 |     143 |      17 |  10.6
            +---------+---------+-------+---------+---------+-------
        D:1 |      30 |       0 |   0.0 |      18 |       0 |   0.0
        D:2 |      70 |       0 |   0.0 |      20 |       0 |   0.0
        D:3 |      26 |       0 |   0.0 |      10 |       0 |   0.0
        D:4 |     211 |     214 |  50.4 |      17 |       2 |  10.5
        D:5 |     901 |     244 |  21.3 |      19 |       3 |  13.6
        D:6 |     341 |     735 |  68.3 |      14 |       7 |  33.3
        D:7 |    3144 |     442 |  12.3 |      37 |       5 |  11.9
        D:8 |     812 |       0 |   0.0 |       8 |       0 |   0.0
            +---------+---------+-------+---------+---------+-------
